 Dungeon Crawl Stone Soup version 0.25.1-2-g60ff931df9 (webtiles) character file.

Game seed: 15579771158745082804

162 Diggabert the Shield-Bearer (level 5, -2/49 HPs)
             Began as a Deep Dwarf Fighter on Oct 9, 2020.
             Killed by nerve-wracking pain
             ... invoked by an orc priest
              (9 damage)
             ... on level 3 of the Dungeon.
             The game lasted 00:04:12 (1156 turns).

Diggabert the Shield-Bearer (Deep Dwarf Fighter)    Turns: 1156, Time: 00:04:14

Health: -2/49      AC:  8    Str: 20    XL:     5   Next: 19%
Magic:  5/5        EV:  8    Int:  9    God:
Gold:   56         SH:  9    Dex: 12    Spells: 4/4 levels left

rFire    . . .     SeeInvis .   a - +0 war axe
rCold    . . .     Gourm    .   c - +0 kite shield
rNeg     . . .     Faith    .   b - +0 scale mail
rPois    .         Spirit   .   (no helmet)
rElec    .         Reflect  +   (no cloak)
rCorr    +         Harm     .   q - +0 pair of gloves
MR       .....                  (no boots)
Stlth    ..........             h - amulet of reflection
HPRegen  0.00/turn              p - ring of resist corrosion
MPRegen  0.09/turn              (no ring)

@: non-regenerating
A: damage resistance, heal wounds, sense surroundings 1, no regeneration
a: Heal Wounds


You were on level 3 of the Dungeon.
You were not hungry.

You visited 1 branch of the dungeon, and saw 3 of its levels.

You collected 56 gold pieces.

Inventory:

Hand Weapons
 a - a +0 war axe (weapon)
Armour
 b - a +0 scale mail (worn)
 c - a +0 kite shield (worn)
 q - a +0 pair of gloves (worn)
Jewellery
 h - an amulet of reflection (around neck)
 p - a ring of resist corrosion (left hand)
Scrolls
 e - 2 scrolls of remove curse {unknown}
 j - 4 scrolls of teleportation {unknown}
 k - 2 scrolls of identify {unknown}
Potions
 d - 3 potions of might
 i - a potion of heal wounds {unknown}
 l - a potion of flight {unknown}
 m - a potion of experience {unknown}
 n - a potion of brilliance {unknown}
 o - a potion of ambrosia {unknown}
Comestibles
 f - 7 rations
 g - 8 chunks of flesh


   Skills:
 * Level 3.3 Fighting
 * Level 4.0 Axes
 * Level 4.0 Armour
 * Level 1.3 Dodging
 * Level 4.1 Shields


You had 4 spell levels left.
You didn't know any spells.
Your spell library was empty.

Dungeon Overview and Level Annotations

Branches:
Dungeon (3/15)

Altars:


Innate Abilities, Weirdness & Mutations

You are resistant to damage.
You can heal yourself by infusing magical energy.
You passively map a small area around you.
You do not regenerate.


Message History

Things that are here:
a +0 dagger; a +0 robe; an orc corpse There isn't anything here!
You butcher the orc corpse.
g - 8 chunks of flesh (gained 1)
Things that are here:
a +0 dagger; a +0 robe; an orc skeleton
Things that are here:
a +0 dagger; a +0 robe; an orc skeleton An orc and an orc priest come into view.
The orc priest shouts!
The orc shouts!
Found 4 gold pieces.
You slash the orc priest!
The orc priest is heavily wounded.
The orc priest mumbles some strange prayers to Beogh against you.
Beogh smites you!
* * * LOW HITPOINT WARNING * * *
The orc priest calls down the wrath of Beogh upon you.
Pain shoots through your body!
You die...

* , , #######
* #.....# ** *
########
#.###.#, ,,,,
#......# #.#
#.# * *
#.#......# #.#
#.####
......o#.###.#
#....#
,*#o@...).#
####.#
>*###.#####
#.# #......#*
* #.# **
######.. ,
#.#### , #...
### #.##.. * *
#..$., ..#
#.#... ,
*#..... #.#
#..... *
#.....##.#
##..## ,*
#########.#
#..#


You could see an orc priest and an orc.

Vanquished Creatures
  An orc wizard (D:3)
  Jessica (D:2)
  5 adders
  An ooze (D:2)
  A worm (D:2)
  2 dart slugs (D:1)
  4 leopard geckos
  An orc (D:2)
  3 giant cockroaches
  6 goblins
  5 hobgoblins
  3 jackals (D:2)
  2 quokkas (D:2)
  2 ball pythons (D:2)
  3 bats (D:1)
  A frilled lizard (D:2)
  6 kobolds
  4 rats
51 creatures vanquished.

Notes
Turn   | Place    | Note
-------+----------+-------------------------------------------
     0 | D:1      | Diggabert the Deep Dwarf Fighter began the quest for the
                  | Orb.
     0 | D:1      | Reached XP level 1. HP: 20/20 MP: 1/1
    59 | D:1      | Reached XP level 2. HP: 24/27 MP: 2/2
   503 | D:2      | Reached XP level 3. HP: 24/34 MP: 3/3
   762 | D:2      | Reached XP level 4. HP: 21/42 MP: 4/4
   835 | D:2      | Reached skill level 1 in Dodging
   840 | D:2      | Noticed Jessica
   868 | D:2      | Killed Jessica
  1147 | D:3      | Reached XP level 5. HP: 20/49 MP: 5/5
  1156 | D:3      | Killed from afar by an orc priest

Illustrated notes

Levels and vault maps discovered:
D:1:      wander_arrival_desolate, layout_basic, minmay_misc_feat_cross
D:2:      minmay_wonky_spiral, layout_rooms, uniq_jessica
D:3:      minmay_thinvault, layout_loops_cross

Skill      XL: |  1  2  3  4 |
---------------+-------------+-----
Fighting       | 3 |  3.3
Axes           | 3 4 |  4.0
Dodging        | 1 |  1.3
Shields        | 4 |  4.1
Armour         | 4 |  4.0

Action                   |  1- 3 |  4- 6 || total
-------------------------+-------+-------++-------
Melee: War axe           |   106 |    67 ||   173
  Eat: Chunk             |       |     1 ||     1
Armor: Scale mail        |    47 |    31 ||    78
Dodge: Dodged            |    29 |    20 ||    49
Block: Kite shield       |    55 |    32 ||    87
       Reflection        |     3 |       ||     3
